[Event "24th Hoogeschool Zeeland 2022"]
[Site "Vlissingen"]
[Date "2022.08.06"]
[Round "1.1"]
[White "Fischer, Gerd"]
[Black "Ponomariov, Ruslan"]
[Result "0-1"]
[ECO "A07"]
[WhiteElo "2085"]
[BlackElo "2642"]
[Annotator "TA"]
[PlyCount "58"]
[EventDate "2022.08.05"]
[EventType "swiss"]
[EventCountry "NED"]
[SourceTitle "playchess.com"]
[Source "ChessBase"]
[SourceQuality "1"]
[TimeControl "40/5400+30:1800+30"]

1. Nf3 g6 2. g3 Bg7 3. Bg2 e5 4. d3 d5 5. O-O Ne7 6. c3 {[%emt 0:01:56] A07: Réti Opening: New York and Capablanca Systems.} O-O 7. b4 {[%emt 0:14:27] [#]} c6 $146 ({Predecessor:} 7... e4 8. dxe4 dxe4 9. Nd4 Nf5 10. e3 Nd6 11. Nd2 Re8 12. a4 Nc6 13. Nxc6 bxc6 14. Nxe4 Nxe4 15. Qxd8 Rxd8 16. Bxe4 {½-½ (34) Pantsulaia,L (2586)-Yilmaz,M (2633) Heraklion 2017}) 8. Qc2 {[%emt 1:10:56] The position is equal.} a5 9. Bb2 axb4 10. cxb4 d4 11. Nbd2 Nd5 12. a3 Be6 13. Nc4 Nd7 14. e4 N5b6 15. Nfd2 (15. Nxb6 $11 Nxb6 16. a4) 15... Na4 $17 16. Na5 Nxb2 17. Qxb2 Qe7 (17... Qc7 $17 18. f4 exf4 19. gxf4 Bh6) 18. Nac4 ({Better is} 18. f4 $15) 18... b5 19. Na5 Rfc8 20. Nab3 (20. f4 $17 Nc5 21. Nxc6 Rxc6 22. bxc5) 20... c5 21. Nxc5 Nxc5 22. bxc5 Rxc5 ({Worse is} 22... Qxc5 23. Rfc1 Qb6 24. Rxc8+ Bxc8 25. f4) 23. Rfc1 (23. Nf3 $142) 23... Rac8 24. Rxc5 Qxc5 ({Stronger than} 24... Rxc5 25. a4 $17) 25. Rb1 Qc3 {[%emt 0:04:06] Hoping for ...Bh6.} 26. Bf1 Bd7 27. Nf3 Ra8 28. Qd2 (28. Ne1 {is a better defense.}) 28... Ra5 ({Don't blunder} 28... Qxa3 $2 29. Kg2 $19) 29. a4 $2 {[#]} (29. Qxc3 {keeps fighting.} dxc3 30. Rb3) 29... Rxa4 {[%emt 0:00:00] Weighted Error Value: White=0.39/Black=0.17 (very precise)} 0-1

[Event "24th Hoogeschool Zeeland 2022"]
[Site "Vlissingen"]
[Date "2022.08.06"]
[Round "1.2"]
[White "Van den Doel, Erik"]
[Black "Morssink, Pieter Jan"]
[Result "1-0"]
[ECO "A49"]
[WhiteElo "2589"]
[BlackElo "1920"]
[Annotator "TA"]
[PlyCount "61"]
[EventDate "2022.08.05"]
[EventType "swiss"]
[EventCountry "NED"]
[SourceTitle "playchess.com"]
[Source "ChessBase"]
[SourceQuality "1"]
[TimeControl "40/5400+30:1800+30"]

1. Nf3 Nf6 2. g3 g6 3. Bg2 Bg7 4. O-O O-O 5. d4 d6 6. a4 Nc6 7. a5 a6 {[%emt 0:00:42] A49: 1 d4 Nf6 2 Nf3 g6 3 g3: Anti-King's Indian systems.} 8. d5 Nb8 9. c4 e5 {[%emt 0:14:28] White is slightly better.} 10. Nc3 {[%emt 0:01:27] [#]} h6 $146 ({Predecessor:} 10... Ne8 11. e4 Bg4 12. h3 Bxf3 13. Bxf3 f5 14. b4 Nd7 15. c5 Ndf6 16. Bg5 h6 {½-½ (34) Panelo Munoz,M (2379)-Perez Mitjans,O (2413) Sant Adria de Besos 2017}) 11. e4 Kh7 12. c5 Ne8 13. Be3 (13. b4 $142 $1) 13... Nd7 {[%emt 0:01:53] [#]} 14. c6 (14. b4 $1 $16) 14... bxc6 ({Black should play} 14... Ndf6 $14) 15. dxc6 $16 Ndf6 16. Nxe5 $1 {[%emt 0:00:46] 0x0.00144c772494dp-1022s more active pieces.} Qe7 (16... Rb8 $16 {keeps fighting.} 17. Nc4 Be6) 17. Nd3 $18 Ng4 18. Bd2 Ne5 (18... f5 {was necessary.} 19. Qe2 Qf7) 19. Nd5 Qd8 20. Nxe5 Bxe5 21. Qc1 Bg7 22. Bc3 Nf6 23. Nxf6+ Bxf6 24. Bxf6 Qxf6 25. Qc3 Kg7 26. Ra4 Re8 27. Rd4 Re5 {[%emt 0:00:00] [#]} 28. b4 {[%emt 0:00:32] Inhibits Rc5.} Rb8 29. f4 Reb5 (29... Re8 $142 30. f5 gxf5) 30. Qd2 Qe6 31. Rf3 {[%emt 0:39:52] Against Qb3.  Weighted Error Value: White=0.12 (very precise) /Black=0.27 (precise)} 1-0

[Event "24th Hoogeschool Zeeland 2022"]
[Site "Vlissingen"]
[Date "2022.08.06"]
[Round "1.3"]
[White "Westerweele, Henrik"]
[Black "Baklan, Vladimir"]
[Result "0-1"]
[ECO "B22"]
[WhiteElo "1919"]
[BlackElo "2589"]
[Annotator "TA"]
[PlyCount "112"]
[EventDate "2022.08.05"]
[EventType "swiss"]
[EventCountry "NED"]
[SourceTitle "playchess.com"]
[Source "ChessBase"]
[SourceQuality "1"]
[TimeControl "40/5400+30:1800+30"]

1. e4 c5 2. c3 Nf6 3. e5 Nd5 4. d4 cxd4 5. Nf3 d6 6. exd6 Qxd6 7. cxd4 Nc6 8. Nc3 Bg4 9. Be2 e6 10. O-O Be7 11. Be3 O-O 12. Qd2 {[%emt 0:04:25] B22: Sicilian: 2 c3.} Rfd8 13. Rfd1 Rac8 14. Rac1 {[%emt 0:06:06] Black is slightly better.} Qb8 {[%emt 0:03:02] [#]} 15. Nxd5 $146 ({Predecessor:} 15. h3 Bf5 16. Nxd5 Rxd5 17. Bc4 Rdd8 18. Bf4 Bd6 19. Bxd6 Qxd6 20. d5 Ne5 21. Nxe5 Qxe5 {1-0 (80) Stolwijk,C (1989)-Afek,Y (2313) Amsterdam 2013}) 15... Rxd5 16. Bf4 Bd6 17. Bxd6 Qxd6 (17... Rxd6 $15 18. Qf4 Bxf3 19. Bxf3 Rcd8) 18. h3 $1 $16 Bh5 19. g4 Bg6 20. Ne5 ({Better is} 20. Bc4 $16) 20... Qd8 21. Nxc6 bxc6 22. Bf3 Rd6 23. Rc5 h6 24. Qc3 Qh4 25. Kg2 (25. Rxc6 $2 Rdxc6 26. Bxc6 Be4 27. Bxe4 Rxc3 28. bxc3 Qxh3 $19) 25... h5 26. d5 (26. Qe3 $14 {keeps the upper hand.}) 26... exd5 (26... hxg4 $17 27. Bxg4 Be4+ 28. Kg1 Qd8) 27. Rcxd5 $2 {[%emt 0:00:31][%mdl 8192] [#]} Rxd5 $2 (27... cxd5 28. Qxc8+ Rd8 29. Qc7 $11) (27... hxg4 $1 $19 28. hxg4 Rxd5 29. Rxd5 {[#]} Be4 $1 ) 28. Rxd5 $17 hxg4 29. Bxg4 Be4+ ({Reject} 29... cxd5 $6 30. Qxc8+ Kh7 31. Bf3 $15) 30. f3 Bxd5 31. Bxc8 {[%emt 0:00:08][%mdl 4096] Endgame KQB-KQB} Qd8 ({Stronger than} 31... Bxa2 32. Qxc6 Qg5+ 33. Bg4 $15) 32. Ba6 Qg5+ 33. Kh2 Qh5 {[%emt 0:06:26] Black is more active.} 34. Kg3 Qg6+ 35. Kh2 Qd6+ 36. Kg2 Bxa2 37. Qe3 (37. b3 $17) 37... c5 38. Bd3 {[%emt 0:00:51] Against Qg6+} Be6 39. Be4 Kf8 40. Qc3 Qb6 41. h4 f6 42. h5 Qb4 {[%emt 0:01:09] ...Qxc3 is the strong threat.} 43. Qc1 Ke7 44. Kg3 (44. b3 $17) 44... Qd4 45. Qa1 a5 46. Qe1 Kd6 {[%emt 0:05:39] aiming for ...f5.} ({Wrong is} 46... Qxb2 $2 47. Qxa5 Qe5+ 48. Kg2 $19) (46... Qe5+ $2 47. f4 Qxh5 48. f5 Qg5+ 49. Kh3 $19) 47. Qc1 a4 48. Kg2 Ke7 49. Kg3 Qe5+ 50. Kf2 Qxh5 51. Qc3 Qe5 52. Qc2 (52. Qxe5 fxe5 53. Ke3) 52... f5 $19 {[%emt 0:04:19] Black is clearly winning.} 53. Bd3 Qd4+ 54. Kg2 Kf6 {[%emt 0:00:10] Strongly threatening ...Bb3.} 55. Bb5 Bd5 56. Be2 Ke5 {[%emt 0:55:24] Weighted Error Value: White=0.48/Black=0.30} 0-1

[Event "24th Hoogeschool Zeeland 2022"]
[Site "Vlissingen"]
[Date "2022.08.06"]
[Round "1.4"]
[White "Harsha Bharathakoti"]
[Black "Klein, Jorik"]
[Result "1-0"]
[ECO "E92"]
[WhiteElo "2547"]
[BlackElo "1918"]
[Annotator "TA"]
[PlyCount "69"]
[EventDate "2022.08.05"]
[EventType "swiss"]
[EventCountry "NED"]
[SourceTitle "playchess.com"]
[Source "ChessBase"]
[SourceQuality "1"]
[TimeControl "40/5400+30:1800+30"]

1. Nf3 Nf6 2. c4 g6 3. Nc3 Bg7 4. e4 d6 5. d4 O-O 6. Be2 e5 7. Be3 Nc6 8. d5 Ne7 9. Nd2 Nd7 10. b4 f5 11. f3 Nf6 12. c5 Nh5 {[%emt 0:02:58] The main line 12...Nh5 scores better than 12...f4.} 13. Nc4 Nf4 14. O-O Rf6 {[%emt 0:06:40] [#] E92: King's Indian: Classical: 6 Be2 e5: 7 dxe5, 7 Be3 and Petrosian System without 7...Nbd7.} 15. Rc1 $146 ({Predecessor:} 15. cxd6 cxd6 16. Nb5 g5 17. Nxa7 Rxa7 18. Bxa7 Rh6 19. Nb6 Qe8 20. Rc1 Qh5 21. Nxc8 Qxh2+ 22. Kf2 Nxg2 23. Nxe7+ Kf7 24. Rh1 {1-0 (24) Solomon,K (2215)-Boraso,A (1960) Chioggia 2011}) 15... g5 16. cxd6 cxd6 {[%emt 0:00:05] White is slightly better.} 17. Nb5 b6 18. a4 Ba6 (18... Rg6 $14) 19. Bxf4 $16 gxf4 20. Bd3 {[%emt 0:00:03] White is more active.} (20. Nca3 $1 $16) 20... Bxb5 21. axb5 Rc8 22. exf5 Nxf5 ({Black should play} 22... Qd7) 23. Bxf5 Rxf5 24. Qd3 Rf7 {[%emt 0:01:10] [#]} 25. Nd2 $1 Rfc7 {[%emt 0:01:11] [#]} (25... Rxc1 $16 26. Rxc1 Bf8) 26. Rc6 $1 $18 Bf8 (26... Rb8 {might work better.} 27. Qf5 Rf7) 27. Qf5 {[%emt 0:03:38] Strongly threatening Ne4.} Rxc6 $2 (27... Ra8 {keeps fighting.} 28. Ne4 Rf7) 28. dxc6 ({Less strong is} 28. bxc6 Ra8 29. b5 Be7 $18) 28... Rc7 29. Ne4 {[%emt 0:01:46] White is clearly winning.} Rf7 {[%emt 0:00:34] Inhibits Nf6+.} (29... Be7 $142 30. Qe6+ Kg7 31. Qg4+ Kf8) 30. Qg4+ Rg7 31. Qe6+ Kh8 32. Rd1 Rg6 33. Qxe5+ Kg8 34. Qxf4 Bh6 35. Rxd6 {[%emt 0:00:22] Weighted Error Value: White=0.12 (very precise) /Black=0.54} 1-0

[Event "24th Hoogeschool Zeeland 2022"]
[Site "Vlissingen"]
[Date "2022.08.06"]
[Round "1.5"]
[White "Oostvogels, Niek"]
[Black "Lalith Babu M R"]
[Result "0-1"]
[ECO "B09"]
[WhiteElo "1913"]
[BlackElo "2549"]
[Annotator "TA"]
[PlyCount "74"]
[EventDate "2022.08.05"]
[EventType "swiss"]
[EventCountry "NED"]
[SourceTitle "playchess.com"]
[Source "ChessBase"]
[SourceQuality "1"]
[TimeControl "40/5400+30:1800+30"]

1. e4 g6 2. d4 Bg7 3. Nc3 c6 4. Be3 d6 5. f4 b5 6. Bd3 Nf6 7. Nf3 O-O 8. Qd2 Nbd7 {[%emt 0:05:44][%cal Oe7e5] B09: Pirc Defence: Austrian Attack.} 9. f5 {[%emt 0:08:14] [#]} ({White should try} 9. e5 $14 b4 10. Ne2 (10. exf6 bxc3 11. bxc3 Nxf6 $11)) 9... c5 $146 (9... b4 $5 10. Nd1 c5 $11) ({Predecessor:} 9... e5 10. fxe6 fxe6 11. O-O e5 12. dxe5 dxe5 13. a4 b4 14. Na2 a5 15. Nc1 Qe7 {1-0 (44) Ter Sahakyan,S (2582)-Kalashian,D (2419) Jermuk 2013}) 10. Bh6 (10. Bxb5 $11 Rb8 11. O-O) 10... c4 $15 {[%emt 0:02:56] Black is slightly better.} 11. Bxg7 (11. Be2 $15 {deserves consideration.}) 11... Kxg7 $17 12. Be2 b4 13. Nd5 Nxe4 14. Qxb4 Rb8 15. Qa3 Nb6 $36 {[%emt 0:06:52][%mdl 2048] Black is more active.} 16. Nxb6 Qxb6 ({But not} 16... Rxb6 17. fxg6 hxg6 18. Bxc4 $11) 17. Bxc4 (17. fxg6 $1 $15 hxg6 18. O-O) 17... Bxf5 {[%emt 0:00:16] And now ...Rfc8 would win.} 18. O-O Qb5 $2 {[%mdl 8192] [#]} 19. b4 $4 Qxb4 (19... Qxc4 $142 20. Qe3 d5) 20. Qxb4 $19 Rxb4 21. Bb3 Rbb8 (21... Nc3 $19 {White must now prevent ...Rc8.} 22. Rae1 e6) 22. Bc4 (22. Rae1 $17 h5 23. d5) 22... Rb2 23. Bb3 Nc3 24. Rfe1 e6 ({Weaker is} 24... Bxc2 25. Bxc2 Rxc2 26. Rxe7 $17) 25. Re3 Rc8 26. Ne1 Nb5 27. Nd3 Bxd3 28. Rxd3 Na3 {[%emt 0:02:14] Prevents c4.} 29. Rc1 d5 30. Bxd5 Nxc2 ({Worse is} 30... exd5 31. Rxa3 Rcxc2 32. Rxc2 Rxc2 33. Rxa7 $15) 31. Bb3 Nb4 {[%emt 0:01:04][%csl LRa2,LRc1,LRd3] Black is more active.} 32. Rxc8 Nxd3 $17 {[%emt 0:00:04] KRB-KRN} 33. h3 $2 {[%emt 0:00:33] [#]} (33. g3 $17 {is the only way for White.}) 33... Nf4 $19 34. Rc7 Ne2+ 35. Kf1 Nxd4 36. Rxa7 Nxb3 37. axb3 Rxb3 {[%emt 0:00:03] Weighted Error Value: White=0.51/Black=0.44} 0-1

[Event "24th Hoogeschool Zeeland 2022"]
[Site "Vlissingen"]
[Date "2022.08.06"]
[Round "1.6"]
[White "Beerdsen, Thomas"]
[Black "Arnold, Kiri"]
[Result "1-0"]
[ECO "B30"]
[WhiteElo "2500"]
[BlackElo "1858"]
[Annotator "TA"]
[PlyCount "57"]
[EventDate "2022.08.05"]
[EventType "swiss"]
[EventCountry "NED"]
[SourceTitle "playchess.com"]
[Source "ChessBase"]
[SourceQuality "1"]
[TimeControl "40/5400+30:1800+30"]

1. e4 c5 2. Nf3 Nc6 3. Bc4 e6 4. O-O Nf6 5. Re1 d6 6. Bb3 {[%emt 0:01:34] B30: Sicilian: 2...Nc6 3 Bb5, lines without ...g6.} Be7 7. c3 O-O 8. d4 {[%emt 1:30:44] White has an edge.} d5 9. e5 Ne8 10. Nbd2 cxd4 11. cxd4 Qb6 12. Nf1 Bd7 13. Bc2 f5 14. exf6 Nxf6 15. Ng3 {[%emt 0:05:23] [#]} Rae8 $146 ({Predecessor:} 15... Bd6 16. a3 Rae8 17. Bg5 Ng4 18. Be3 Nxe3 19. Rxe3 Bf4 20. Re1 Rf7 21. b4 Ref8 {0-1 (36) Bauer,T (2345)-Hansen,J Kecskemet 1991}) 16. Bg5 Bd6 17. Re3 Kh8 (17... Qxb2 $2 18. Rb3 Qxb3 19. axb3 $18) (17... Nb4 $11) 18. Ne5 $14 Qc7 (18... Qxd4 $14 19. Bxf6 Qxd1+ 20. Rxd1 Rxf6 21. Nxd7 Rf7) 19. Bxf6 $16 Rxf6 20. Qh5 h6 {[%emt 0:02:33] [#]} 21. Ng4 {[%emt 0:00:54] 0x0.0024cc601da3dp-1022s more active pieces. Pair of Knights!} Ref8 22. Nxf6 $40 {[%emt 0:00:24][%mdl 128] White has strong attack.} Rxf6 {[%emt 0:00:04] [#]} 23. Ne2 Nxd4 $2 {[%emt 0:03:09][%mdl 8192] A mistake that costs the game.} (23... Qb8 $16 {is a better chance.} 24. Re1 Qd8) 24. Nxd4 $18 Bc5 25. Rc3 Rxf2 26. Kh1 {[%emt 0:01:41] Qg6 is the strong threat.} ({Weaker is} 26. Qg6 Rxc2 27. Rxc2 Bxd4+ 28. Kh1 Qf4 $16) 26... Qf4 {[%emt 0:00:39] ( -> ...Rf1+)} 27. Nf3 Bd4 {[%emt 0:00:32] [#]} 28. Rc8+ Bxc8 (28... Be8 29. Rxe8+) 29. Qe8+ {[%emt 0:00:07] Weighted Error Value: White=0.07 (flawless) /Black=0.73} 1-0

[Event "24th Hoogeschool Zeeland 2022"]
[Site "Vlissingen"]
[Date "2022.08.06"]
[Round "1.7"]
[White "Hendrikse, Ad"]
[Black "Schoppen, Casper"]
[Result "0-1"]
[ECO "B59"]
[WhiteElo "1893"]
[BlackElo "2507"]
[Annotator "TA"]
[PlyCount "82"]
[EventDate "2022.08.05"]
[EventType "swiss"]
[EventCountry "NED"]
[SourceTitle "playchess.com"]
[Source "ChessBase"]
[SourceQuality "1"]
[TimeControl "40/5400+30:1800+30"]

1. e4 c5 2. Nf3 Nc6 3. d4 cxd4 4. Nxd4 Nf6 5. Nc3 d6 6. Be2 e5 7. Nb3 Be7 8. Be3 Be6 9. O-O O-O 10. f3 a5 11. a4 Nb4 12. Rc1 {[%emt 0:14:47] B59: Classical Sicilian: 6 Be2 e5 7 Nb3.} (12. Bf2 $11 {remains equal.}) 12... Rc8 {[%emt 0:07:06] [#]} 13. f4 $146 {[%emt 0:17:36] [#]} ({Predecessor:} 13. Bb5 d5 14. exd5 Nbxd5 15. Nxd5 Nxd5 16. Bf2 Qc7 17. Qe2 Nb4 18. Nd2 Na2 19. Rcd1 Qxc2 {0-1 (37) Hinev,D-Manetta,J Bad Berleburg 1975}) 13... Rxc3 $1 14. bxc3 {[%emt 0:00:41] Black is better.} Na2 15. Qd3 {[%emt 0:12:39] Ra1 is the strong threat.} Nxc1 16. Rxc1 Qc7 17. f5 Bd7 18. Ra1 Bc6 19. Bf3 g6 20. fxg6 hxg6 21. Nd2 Rc8 22. c4 Bd7 23. Rb1 (23. h3 $142) 23... Bxa4 $17 24. Bb6 Qc6 25. Kh1 Bd8 26. Bxd8 Rxd8 27. c3 (27. Ra1 {was called for.}) 27... Qc7 $19 28. Qe3 Bc6 29. g3 a4 30. h3 Qe7 31. Rf1 Ra8 32. Bg2 a3 {[%emt 0:01:06] Strongly threatening ...a2.} 33. Ra1 Nd7 ({Don't blunder} 33... a2 $2 34. Qb6 $19) 34. Ra2 Qe6 35. Kh2 Nc5 36. Bf1 Ra4 37. Bd3 (37. Qe1 {is a better defense.}) 37... Nxd3 38. Qxd3 b5 39. cxb5 $2 (39. Qf3) 39... Qxa2 {[%emt 0:00:32] Black is clearly winning.} 40. bxc6 Ra8 {[%emt 0:01:04] ( -> ...Qb2)} 41. Qxd6 Qe6 {[%emt 0:30:22] Weighted Error Value: White=0.50/Black=0.04 (flawless)} (41... Qc2 $142 42. c7 a2 43. Qd8+ {[#]} Rxd8 $3 44. cxd8=Q+ Kg7) 0-1

[Event "24th Hoogeschool Zeeland 2022"]
[Site "Vlissingen"]
[Date "2022.08.06"]
[Round "1.8"]
[White "Ikonnikov, Vyacheslav"]
[Black "Boghossian, Wahe"]
[Result "1-0"]
[ECO "E91"]
[WhiteElo "2493"]
[BlackElo "1978"]
[Annotator "TA"]
[PlyCount "61"]
[EventDate "2022.08.05"]
[EventType "swiss"]
[EventCountry "NED"]
[SourceTitle "playchess.com"]
[Source "ChessBase"]
[SourceQuality "1"]
[TimeControl "40/5400+30:1800+30"]

1. d4 Nf6 2. Nf3 g6 3. c4 Bg7 4. Nc3 O-O 5. e4 d6 6. Be2 Nc6 7. d5 Nb8 8. O-O {[%emt 0:00:51] White is more active.} e6 {[%emt 0:04:00] E91: King's Indian: Classical: 6 Be2, unusual replies including 6...c5 and 6...Bg4.} 9. dxe6 Bxe6 10. Nd4 {[%emt 0:00:19] [#]} Qd7 $146 {[%emt 0:27:45] White is slightly better.} ({Predecessor:} 10... Bd7 11. Be3 Re8 12. f3 Nc6 13. Qd2 Nh5 14. Rfd1 Nf4 15. Bxf4 Nxd4 16. Bf1 Ne6 17. Be3 a5 18. c5 dxc5 19. Qxd7 Bd4 20. Qb5 Bxe3+ 21. Kh1 {0-1 (32) Rozum,I (2473)-Fedoseev,V (2356) St Petersburg 2010}) 11. Be3 Nc6 12. Nxe6 Qxe6 13. f3 Ne5 14. b3 c6 15. Qd2 Rfd8 16. Rad1 Ne8 17. Rfe1 h5 18. h3 f5 $2 {[%emt 0:03:20] A mistake that costs the game.} (18... Nd7 $16 {might work better.}) 19. exf5 $18 Qxf5 20. f4 Nf7 (20... Nd7 21. Bd3 Qf7) 21. Bd3 Qf6 22. Ne4 Qb2 23. Ng5 Qf6 (23... Nxg5 $142 24. fxg5 Qxd2 25. Bxd2 (25. Rxd2 Bc3 $16) 25... Bd4+ 26. Kh1 Ng7 27. Bxg6 Rf8) 24. Qc2 Nh8 25. Nf3 Bh6 $2 (25... Nc7 26. f5 Re8 27. fxg6 Qb2) 26. Bd4 Qxf4 27. Bxg6 {[%emt 0:00:41] [#] Hoping for Bh7+. A strong pair of Bishops.} Nf6 {[%emt 0:03:01] Against Bh7+} 28. Re7 Bg7 29. Rde1 {[%emt 0:05:23][%cal Og6h7] Threatens to win with Bh7+!} d5 30. R1e6 {[%emt 0:02:58][%cal Og6h7] Bh7+! is the strong threat.} Rf8 {[%emt 0:01:07] [#]} 31. Bh7+ $1 {[%emt 0:00:52][%mdl 512] Weighted Error Value: White=0.19 (very precise) /Black=1.00} 1-0

[Event "24th Hoogeschool Zeeland 2022"]
[Site "Vlissingen"]
[Date "2022.08.06"]
[Round "1.9"]
[White "Pluymert, Marcel"]
[Black "Santiago, Yago De Moura"]
[Result "0-1"]
[ECO "D00"]
[WhiteElo "1889"]
[BlackElo "2513"]
[Annotator "TA"]
[PlyCount "74"]
[EventDate "2022.08.05"]
[EventType "swiss"]
[EventCountry "NED"]
[SourceTitle "playchess.com"]
[Source "ChessBase"]
[SourceQuality "1"]
[TimeControl "40/5400+30:1800+30"]

1. d4 Nf6 2. e3 g6 3. Bd3 Bg7 4. f4 d5 5. Nf3 O-O 6. Nbd2 c5 7. c3 {[%emt 0:02:28] D00: 1 d4 d5: Unusual lines.} Qc7 8. Ne5 Nc6 9. O-O {[%emt 0:00:23] The position is equal.} Rb8 10. Qe2 Bf5 {[%emt 0:17:43] [#]} 11. Ndf3 $146 ({Predecessor:} 11. Bxf5 gxf5 12. Kh1 e6 13. a4 a6 14. Ndf3 cxd4 15. exd4 Ne4 16. Be3 b5 17. axb5 axb5 {0-1 (55) Bianco Diaz,R (1891)-Danielsson,R (2098) Opatija 2013}) 11... Bxd3 12. Qxd3 b5 13. a3 (13. dxc5 $11 Nxe5 14. fxe5) 13... a5 14. Bd2 Ne4 15. Rac1 Rfd8 16. Ng4 c4 17. Qc2 b4 18. axb4 axb4 19. Nf2 b3 20. Qd1 Nxf2 {[%emt 0:00:24] 0x0.001e3c912e4ddp-1022s more active pieces.} 21. Rxf2 Ra8 $36 {[%emt 0:00:14][%mdl 2048] Black has good play.} 22. Ra1 Rxa1 23. Qxa1 Qb7 24. Qe1 Na7 (24... f5 {with more complications.} 25. Ng5 Qd7 26. Rf1 Bf6) 25. g4 (25. Re2 $1 $15) 25... Nb5 $17 26. Bc1 Nd6 27. Nd2 Ra8 28. Rf1 Qd7 29. Qe2 Qe6 30. Qf3 f5 31. h3 Ra1 32. Kg2 Kf7 33. g5 Nc8 34. h4 Nb6 35. h5 Na4 {[%emt 0:00:23] White must now prevent ...Ra2.} 36. h6 (36. Kg3 $17) 36... Bf8 $19 37. Kh2 Ra2 {[%emt 0:00:26] Weighted Error Value: White=0.15 (very precise) /Black=0.06 (flawless)} 0-1

[Event "24th Hoogeschool Zeeland 2022"]
[Site "Vlissingen"]
[Date "2022.08.06"]
[Round "1.10"]
[White "Vrolijk, Liam"]
[Black "Albrecht, Alex"]
[Result "1-0"]
[ECO "A84"]
[WhiteElo "2464"]
[BlackElo "1884"]
[Annotator "TA"]
[PlyCount "49"]
[EventDate "2022.08.05"]
[EventType "swiss"]
[EventCountry "NED"]
[SourceTitle "playchess.com"]
[Source "ChessBase"]
[SourceQuality "1"]
[TimeControl "40/5400+30:1800+30"]

1. Nf3 d5 2. e3 e6 3. c4 c6 4. d4 f5 5. Bd3 Nf6 6. O-O Bd6 7. b3 Qe7 8. Bb2 O-O 9. Qc1 Ne4 {[%emt 0:11:46] has lost popularity (9...b6). A84: Dutch Defence: 2 c4 Miscellaneous.} 10. Ba3 c5 (10... Nd7 $11) 11. cxd5 $16 exd5 {[%emt 0:01:02] White is better.} 12. Nc3 {[%emt 0:07:55] [#]} Nxc3 $146 ({Predecessor:} 12... Be6 13. Nb5 b6 14. Nxd6 Qxd6 15. Bxe4 fxe4 16. dxc5 Qd8 17. Nd4 Bc8 18. cxb6 axb6 19. Bxf8 Qxf8 20. Qc7 Nd7 21. Qc6 Ra5 22. b4 Ne5 23. Qc7 {1-0 (23) Schneider,I (2486)-Eilenberg,J (2137) Playchess.com INT 2020}) 13. Qxc3 b6 14. dxc5 bxc5 15. Rac1 Nd7 16. Bb5 Bb7 {[%emt 0:08:12] Prevents Bc6.} 17. Bxd7 Qxd7 18. Bxc5 Rfc8 19. Qd4 {[%emt 0:01:25] White is more active.} Bxc5 (19... Bc7 $16 20. Qd2 Qf7) 20. Rxc5 $18 Rxc5 21. Qxc5 Rc8 22. Qxa7 Ra8 23. Qd4 {[%emt 0:00:39] Threatens to win with Ra1.} Rxa2 24. Rc1 Qb5 $2 {[%emt 0:03:25] [#]} (24... Qd6 $18 25. h3 Ra3) 25. Rc7 {[%emt 0:01:48] Black got outplayed after the opening.  Weighted Error Value: White=0.07 (flawless) /Black=0.81} 1-0